Map: [TLMC15] Glittering Ashes

Players

Dark - Winner!

  • Race: Zerg Zerg

SpeCial

  • Race: Terran Terran

Event: DreamHack SC2 Masters 2021 Winter

VOD

Have the link to the VOD?

Description

Time

  • Played on: Nov. 11, 2021, 8:56 a.m.
  • Length: 13:05

All games in this series

Show
View Real Time Build Order
Export as new Build Order

Dark Zerg - Winner!

Build Orders: Hatch First, Lurkers 

Get SALT Encoding   

  12  0:00  Drone  
  13  0:13  Overlord  
  13  0:17  Drone  
  14  0:31  Drone x2  
  16  0:47  Hatchery  
  15  0:50  Drone  
  15  0:54  Drone  
  17  0:57  Drone  
  18  1:08  Extractor  
  17  1:13  Spawning Pool  
  17  1:15  Drone  
  18  1:18  Drone  
  18  1:28  Drone  
  19  1:39  Drone  
  20  1:52  Drone  
  21  1:59  Queen x2  
  21  2:00  Zergling x2  
  26  2:02  Zergling x2  
  27  2:12  Zergling x2  
  27  2:14  Overlord  
  28  2:25  Hatchery  
  28  2:26  Spore Crawler  
  28  2:28  Drone  
  28  2:33  Spore Crawler  
  27  2:41  Queen  
  27  2:42  Drone x3  
  32  2:46  Drone  
  32  2:47  Drone  
  34  2:53  Zergling x2  
  34  3:08  Drone  
  34  3:09  Overlord  
  34  3:10  Metabolic Boost  
  34  3:12  Overlord  
  35  3:19  Drone  
  35  3:24  Drone, Spore Crawler  
  35  3:25  Drone  
  36  3:28  Drone x4  
  36  3:33  Drone  
  41  3:36  Baneling Nest  
  41  3:38  Roach Warren  
  41  3:40  Drone  
  41  3:42  Drone  
  41  3:44  Drone  
  43  3:49  Extractor x2  
  43  3:52  Drone x2  
  43  3:58  Drone x3  
  43  4:00  Drone x2  
  48  4:03  Drone  
  48  4:07  Queen  
  51  4:15  Overlord  
  51  4:19  Roach x2  
  51  4:20  Roach  
  57  4:26  Overlord  
  57  4:34  Drone  
  57  4:35  Drone  
  57  4:36  Drone x3  
  57  4:37  Drone  
  57  4:38  Roach  
  65  4:42  Overlord  
  65  4:44  Overlord  
  65  4:50  Roach x2  
  69  4:54  Roach  
  69  4:58  Lair  
  71  5:01  Roach  
  71  5:02  Roach  
  75  5:08  Roach x3  
  75  5:10  Drone  
  75  5:13  Drone x2  
  84  5:14  Drone  
  84  5:17  Drone x2  
  84  5:19  Drone  
  84  5:20  Drone  
  89  5:21  Drone  
  89  5:24  Overlord  
  90  5:29  Overlord  
  90  5:31  Overlord  
  90  5:34  Overlord  
  89  5:44  Drone x3  
  89  5:47  Drone x3  
  94  5:52  Evolution Chamber, Roach  
  94  5:53  Extractor  
  94  5:54  Drone  
  94  5:55  Drone  
  96  5:57  Drone x2  
  96  6:00  Infestation Pit, Extractor  
  96  6:01  Extractor  
  95  6:04  Roach x4  
  95  6:05  Roach  
  95  6:07  Ravager x3  
  95  6:10  Overlord  
  107  6:13  Roach x4  
  109  6:28  Roach x5  
  117  6:37  Zerg Missile Weapons Level 1  
  117  6:38  Glial Reconstitution  
  117  6:39  Drone x3, Queen, Evolution Chamber  
  119  6:40  Queen  
  119  6:41  Queen  
  125  6:50  Drone x5  
  130  6:56  Overlord  
  130  7:05  Hatchery, Overlord  
  130  7:06  Zerg Ground Armor Level 1  
  129  7:14  Overlord  
  129  7:15  Infestor x2  
  129  7:16  Infestor  
  136  7:34  Infestor, Hydralisk Den  
  136  7:35  Zergling x22  
  142  7:43  Drone  
  142  7:44  Drone x5  
  142  7:45  Drone  
  142  7:48  Ravager x3  
  146  7:55  Hive  
  146  7:57  Zergling x8  
  150  7:58  Overseer, Spore Crawler  
  150  8:00  Spore Crawler  
  150  8:03  Overlord  
  148  8:07  Extractor  
  148  8:09  Extractor  
  148  8:10  Lurker Den  
  148  8:12  Roach x3  
  151  8:13  Zergling x6  
  151  8:17  Overlord x2  
  154  8:23  Drone x2  
  154  8:25  Ravager x2  
  158  8:31  Roach x4  
  165  8:45  Drone x5  
  165  8:46  Overlord  
  169  8:59  Hydralisk x4  
  169  9:00  Hydralisk x2  
  169  9:01  Zergling x4  
  183  9:02  Zerg Missile Weapons Level 2  
  183  9:15  Spore Crawler  
  182  9:21  Viper x2  
  188  9:26  Lurker, Spore Crawler  
  188  9:27  Lurker x2  
  188  9:28  Spore Crawler  
  189  9:31  Zergling x6  
  150  9:47  Roach x12  
  144  9:54  Roach x2  
  134  10:01  Hydralisk x3  
  134  10:02  Hydralisk x5  
  134  10:05  Roach x2  
  148  10:14  Roach x2  
  148  10:15  Roach  
  148  10:16  Roach  
  148  10:17  Roach x2  
  150  10:25  Hydralisk x4  
  157  10:29  Lurker x2  
  157  10:33  Zergling x2  
  157  10:34  Zergling x4  
  162  10:36  Seismic Spines  
  162  10:38  Drone  
  162  10:39  Drone  
  164  10:46  Drone x2  
  166  10:52  Zergling x2  
  166  10:53  Zergling x2  
  168  11:02  Zergling x8  
  168  11:03  Lurker x2  
  174  11:05  Zergling x2  
  175  11:12  Zergling x4  
  175  11:18  Hydralisk  
  179  11:21  Lurker x2  
  179  11:22  Lurker  
  179  11:24  Ravager  
  178  11:33  Adaptive Talons  
  178  11:36  Lurker x3, Spore Crawler  
  178  11:38  Spore Crawler  
  179  11:49  Hydralisk x2  
  179  11:50  Queen x2  
  179  11:53  Zergling x4  
  186  12:00  Hydralisk  
  188  12:01  Overlord x2  
  188  12:03  Lurker  
  189  12:11  Hydralisk  
  189  12:12  Nydus Network  
  184  12:27  Hydralisk x9  
  170  12:30  Zergling x2  
  170  12:31  Zergling x14  
  170  12:34  Lurker  
  179  12:44  Zergling x4  
Show
View Real Time Build Order
Export as new Build Order

SpeCial Terran 

Build Orders:  

Get SALT Encoding   

  12  0:00  SCV  
  13  0:12  SCV  
  14  0:18  Supply Depot  
  14  0:24  SCV  
  15  0:40  SCV  
  15  0:41  Barracks  
  16  0:44  Refinery  
  16  0:52  SCV  
  17  1:00  Barracks  
  18  1:04  SCV  
  18  1:16  SCV  
  19  1:28  Reaper  
  19  1:29  Orbital Command  
  20  1:47  Reaper  
  20  1:48  Supply Depot  
  21  1:55  SCV  
  22  2:03  Reaper  
  23  2:10  SCV  
  23  2:12  Command Center  
  24  2:19  Marine  
  24  2:22  SCV  
  26  2:27  Refinery  
  26  2:34  SCV  
  27  2:44  Factory  
  27  2:46  SCV  
  28  2:55  Command Center  
  28  2:56  Barracks Reactor  
  28  3:02  SCV  
  29  3:07  Barracks Tech Lab  
  28  3:14  SCV  
  29  3:26  SCV, Marine, Orbital Command  
  29  3:28  Starport  
  29  3:32  Marine x2  
  31  3:39  SCV  
  32  3:42  Stimpack  
  32  3:46  Marine  
  33  3:50  Marine x2  
  33  3:51  SCV  
  33  3:53  SCV  
  37  3:58  Refinery  
  37  4:03  SCV  
  37  4:04  Marine  
  37  4:05  SCV, Medivac  
  37  4:09  Orbital Command  
  42  4:11  Marine  
  42  4:12  Marine  
  42  4:15  SCV  
  45  4:18  SCV  
  45  4:21  Engineering Bay  
  45  4:23  Factory Reactor  
  46  4:28  SCV  
  46  4:30  SCV  
  48  4:31  Marine x2  
  48  4:32  Marine  
  48  4:35  Supply Depot  
  51  4:39  Orbital Command  
  51  4:40  SCV  
  51  4:45  SCV  
  53  4:48  Terran Infantry Weapons Level 1, Barracks  
  53  4:51  Marine x3  
  53  4:52  SCV  
  57  4:57  SCV  
  57  4:58  Supply Depot  
  58  5:04  SCV x2  
  60  5:08  Factory Reactor  
  60  5:09  SCV  
  60  5:13  Marine  
  62  5:15  Medivac x2  
  62  5:16  SCV  
  67  5:25  Bunker  
  67  5:26  Supply Depot  
  67  5:27  Marine x2  
  69  5:28  SCV  
  69  5:29  SCV x2  
  69  5:30  Marine  
  73  5:37  Combat Shield  
  73  5:41  SCV x3  
  76  5:45  Refinery  
  76  5:51  Marine x3, Barracks  
  76  5:53  SCV x2, Factory Tech Lab, Marine x2, Barracks  
  83  5:57  Supply Depot  
  83  6:03  SCV  
  84  6:05  SCV  
  85  6:13  Supply Depot  
  85  6:17  Armory  
  85  6:18  Marine x2  
  85  6:19  SCV x3, Siege Tank, Engineering Bay  
  85  6:23  Marine  
  89  6:31  SCV x3  
  89  6:32  Marine x2  
  92  6:36  Marine  
  92  6:37  Marauder  
  95  6:42  Barracks Tech Lab, Barracks Reactor  
  95  6:43  SCV x3  
  95  6:46  Terran Infantry Armor Level 1  
  98  6:53  Marine  
  101  6:57  Supply Depot  
  101  6:58  Supply Depot  
  101  6:59  Marauder  
  101  7:04  Supply Depot, Barracks  
  101  7:06  Terran Infantry Weapons Level 2, Barracks  
  101  7:13  Supply Depot  
  101  7:14  Terran Vehicle Weapons Level 1, Marine x2, Barracks  
  101  7:15  SCV x3, Siege Tank  
  109  7:18  Marine x4  
  109  7:19  Marauder  
  110  7:24  Marine  
  110  7:26  Liberator, Medivac  
  110  7:28  Supply Depot  
  114  7:30  Supply Depot  
  114  7:31  Refinery  
  114  7:32  Marine x2  
  114  7:37  Marine  
  116  7:39  Supply Depot  
  116  7:40  Marauder, SCV x3  
  117  7:50  Siege Tank  
  119  7:52  Marine  
  119  7:53  Marauder, Barracks Reactor, Marine x3  
  119  7:54  Marine  
  119  7:55  Barracks Tech Lab  
  126  8:00  Supply Depot, Marine  
  126  8:01  Supply Depot  
  126  8:02  Marauder, Supply Depot  
  129  8:09  Missile Turret, Barracks Tech Lab  
  129  8:10  Marine  
  129  8:12  Marine  
  130  8:14  Marauder  
  133  8:23  Marauder  
  133  8:24  Marauder, Marine x4  
  141  8:28  Marine  
  141  8:29  Marauder, Marine  
  141  8:30  Marine  
  141  8:31  Marine  
  147  8:36  Marauder  
  136  8:42  Marine x4  
  136  8:44  Marauder  
  136  8:46  Marauder, Marine x2  
  136  8:48  Marine  
  146  8:49  Marine  
  146  8:50  Marauder  
  150  8:57  Marauder  
  150  8:59  Marine  
  150  9:00  Medivac x2  
  150  9:02  Marine x2  
  158  9:06  Marauder  
  158  9:07  Marauder, Marine x2  
  158  9:08  Marine x2  
  166  9:12  Marauder  
  166  9:13  Marine  
  169  9:17  Marine  
  169  9:19  Marauder  
  169  9:20  Marine  
  169  9:23  Supply Depot  
  173  9:26  Terran Infantry Armor Level 2  
  173  9:27  Marauder  
  173  9:29  Marauder  
  173  9:31  Concussive Shells  
  177  9:36  Marine  
  177  9:37  Marauder  
  176  9:39  Siege Tank  
  161  9:46  Liberator x2, Marauder, Marine x2  
  144  9:55  Marauder, Marine  
  126  10:02  Marauder, Marine  
  126  10:04  Marine  
  126  10:05  Marauder, Marine x3  
  126  10:06  Marine x2  
  137  10:07  Marauder  
  137  10:11  Siege Tank  
  137  10:12  Marine  
  134  10:16  Marauder  
  134  10:19  Marine  
  128  10:22  Marine  
  128  10:23  Marauder, Terran Infantry Weapons Level 3, Marine  
  128  10:25  Marine  
  128  10:26  Marauder, Marine  
  128  10:27  Marine  
  137  10:29  Marauder  
  137  10:32  Marine  
  137  10:35  Liberator  
  143  10:37  Marine  
  143  10:38  Marauder  
  143  10:39  Marine  
  143  10:40  Marine  
  148  10:45  Marauder, Marine x3  
  148  10:48  Marauder  
  148  10:49  Marine  
  156  10:50  Marauder, Marine  
  159  10:59  Liberator  
  159  11:01  Marauder, Marine x3  
  159  11:03  Marine  
  168  11:07  Marauder, Marine  
  174  11:11  Siege Tank, Marine  
  174  11:12  Marauder  
  174  11:17  Supply Depot  
  175  11:33  Marine x4  
  175  11:34  Marauder  
  175  11:37  Liberator  
  175  11:39  Marine  
  178  11:40  Marauder, Marine x2  
  178  11:42  Liberator  
  178  11:43  Marauder, Siege Tank  
  189  11:59  Marine x2  
  189  12:00  Marauder  
  193  12:10  Marine  
  193  12:11  Marauder  
  193  12:15  Siege Tank  
  190  12:24  Marine  
  190  12:25  Marauder x2  
  190  12:29  Medivac x2  
  172  12:46  Marine  

Tags
 
Add a new tag
Caveats
  • Supply blocks, unpowered buildings, or Contaminate may cause inaccurate times.
  • Supply counts are checked every 10 seconds.